 Dungeon Crawl Stone Soup version 0.29-a0-378-gc08b2e8bf8 (webtiles) character file.

Game seed: 17629867688335409727

110 Antichthon the Covered (level 4, -2/29 HPs)
             Began as a Gargoyle Fighter on May 5, 2022.
             Slain by Grinder (7 damage)
             ... while paralysed by Grinder
             ... on level 3 of the Dungeon.
             The game lasted 00:03:58 (2599 turns).

Antichthon the Covered (Gargoyle Fighter)           Turns: 2599, Time: 00:03:59

Health: -2/29      AC: 10    Str: 31    XL:     4   Next: 91%
Magic:  4/4        EV:  2    Int: 11    God:
Gold:   114        SH:  0    Dex:  9    Spells: 3/3 levels left

rFire   . . .      SeeInvis .   a - +0 flail
rCold   . . .      Faith    .   c - +0 buckler
rNeg    + . .      Spirit   .   b - +0 scale mail
rPois   ∞          Reflect  .   (no helmet)
rElec   +          Harm     .   (no cloak)
rCorr   .          Rampage  .   (no gloves)
Will    .....                   (no boots)
Stlth   ..........              (no amulet)
HPRegen 0.09/turn               g - +6 ring of strength
MPRegen 0.09/turn               i - +6 ring of strength

@: paralysed, unable to read
A: sickness immunity, AC +3, negative energy resistance 1, electricity
resistance, torment resistance 1, petrification resistance, deterioration 1,
inability to read while threatened
a: no special abilities


You were on level 3 of the Dungeon.
You visited 1 branch of the dungeon, and saw 3 of its levels.

You collected 114 gold pieces.

Inventory:

Hand Weapons
 a - a +0 flail (weapon)
Armour
 b - a +0 scale mail (worn)
 c - a +0 buckler (worn)
Jewellery
 g - a +6 ring of strength (left hand)
 i - a +6 ring of strength (right hand)
Scrolls
 j - a scroll of identify
Potions
 d - a potion of might
 e - a potion of magic
 l - a potion of haste {unknown}
 n - a potion of cancellation {unknown}


   Skills:
 * Level 3.7 Fighting
 * Level 3.0 Maces & Flails
 * Level 4.1 Armour
 * Level 0.8 Dodging
 * Level 3.7 Shields
 * Level 1.2 Invocations


You had 3 spell levels left.
You didn't know any spells.
Your spell library contained the following spells:

 Spells                   Type           Power      Damage    Failure   Level
 Ensorcelled Hibernation  Hex/Ice        0%         N/A       80%         2
 Spider Form              Tmut/Pois      0%         N/A       95%         3
 Anguish                  Hex/Necr       0%         N/A       100%        4


Dungeon Overview and Level Annotations

Branches:
Dungeon (3/15)

Altars:
The Shining One

Shops:
D:1 (

Annotations:
D:3 Grinder


Innate Abilities, Weirdness & Mutations

You are immune to sickness and miasma.
Your stone body is resilient. (AC +3)
You are immune to poison.
You resist negative energy. (rN+)
You are resistant to electric shocks. (rElec)
You are resistant to unholy torment.
You are immune to petrification.
Your body sometimes deteriorates upon taking damage.
You sometimes lose the ability to read scrolls when taking damage.


Message History

You hit Grinder but do no damage.
Grinder is moderately wounded.
Grinder hits you but does no damage. Grinder barely misses you.
Unknown command.
Okay, then.
You closely miss Grinder.
Grinder is moderately wounded.
You block Grinder's attack.
Unknown command.
You sock Grinder!
Grinder is severely wounded.
You can read scrolls again.
Grinder hits you but does no damage.
Unknown command.
You barely miss Grinder.
Grinder is severely wounded.
Grinder hits you.
* * * LOW HITPOINT WARNING * * *
Unknown command.
You closely miss Grinder.
Grinder is severely wounded.
You block Grinder's attack. Grinder hits you but does no damage.
Unknown command.
You barely miss Grinder.
Grinder is severely wounded.
You block Grinder's attack.
Unknown command.
You sock Grinder!
Grinder is almost dead.
Grinder gestures at you.
You suddenly lose the ability to move!
Grinder gestures at you.
You shrug off the repeated paralysis!
Grinder hits you.
* * * LOW HITPOINT WARNING * * *
You writhe in agony.
* * * LOW HITPOINT WARNING * * *
Grinder hits you!
You feel threatened and lose the ability to read scrolls!
You die...

## #. #. ### #####.
.....##############.....
#..@5)..........#.#.
#.#####.....<..)..#. #
#.........####.
#.#.......# ##
#.....#..)..!.# ###
.....#..#.......###..
.### #..#..)....##...
#.##.....<.##...
#.####.....##).#


You could see Grinder.

Vanquished Creatures
  An orc priest (D:3)
  An adder (D:2)
  2 worms
  2 dart slugs (D:1)
  3 orcs (D:3)
  2 ball pythons
  4 endoplasms
  2 giant cockroaches (D:2)
  6 goblins
  3 hobgoblins
  6 jackals
  6 kobolds
  A quokka (D:3)
  7 bats
  4 frilled lizards
  5 rats
55 creatures vanquished.

Notes
Turn   | Place    | Note
-------+----------+-------------------------------------------
     0 | D:1      | Antichthon the Gargoyle Fighter began the quest for the
                  | Orb.
     0 | D:1      | Reached XP level 1. HP: 14/14 MP: 1/1
    99 | D:1      | Reached XP level 2. HP: 19/19 MP: 2/2
   384 | D:1      | Found Detz's Weapon Boutique.
   558 | D:1      | You fall into a shaft and drop 1 floor!
   646 | D:1      | Reached XP level 3. HP: 15/23 MP: 3/3
  1559 | D:2      | Reached skill level 4 in Armour
  1647 | D:2      | Identified the +6 hunting sling of Risk Management {freeze,
                  | rN+}
  1655 | D:2      | Found a glowing golden altar of the Shining One.
  1923 | D:2      | Reached XP level 4. HP: 21/28 MP: 4/4
  2189 | D:3      | Reached skill level 1 in Invocations
  2559 | D:3      | Noticed Grinder
  2563 | D:3      | Gained mutation: You sometimes lose the ability to read
                  | scrolls when taking damage. [potion of mutation]
  2563 | D:3      | Gained mutation: Your body sometimes deteriorates upon
                  | taking damage. [potion of mutation]
  2596 | D:3      | Paralysed by Grinder for 6 turns
  2599 | D:3      | Slain by Grinder

Illustrated notes

Levels and vault maps discovered:
D:1:      wander_arrival_lonely_grave, layout_basic, serial_shops,
          nicolae_shop_window_shopping
D:2:      layout_basic, basic_altar
D:3:      minmay_evil_eye, layout_loops_cross,
          dreamdust_ecumenical_altar_drowned_temple, uniq_grinder, uniq_jessica

Skill      XL: |  1  2  3  4 |
---------------+-------------+-----
Armour         | 4 |  4.1
Invocations    | 1 |  1.2
Maces & Flails | 3 |  3.0
Fighting       | |  3.7
Dodging        | |  0.8
Shields        | |  3.7

Action                   |  1- 3 |  4- 6 || total
-------------------------+-------+-------++-------
Melee: Flail             |   117 |    72 ||   189
  Use: Scroll            |     4 |     2 ||     6
       Potion            |       |     3 ||     3
Armor: Scale mail        |    69 |    37 ||   106
       Skin              |       |    14 ||    14
Dodge: Dodged            |    60 |    34 ||    94
Block: Buckler           |    28 |    19 ||    47

Table legend: (Time is in decaauts)
 A = Elapsed time spent in this place.
 B = Non-inter-level travel time spent in this place.
 C = Inter-level travel time spent in this place.
 D = Time resting spent in this place.
 E = Time spent auto-exploring this place.
 F = Levels seen in this place.
 G = Mean time per level.
                   A        B        C        D        E       F      G
               +--------+--------+--------+--------+--------+-----+--------+
         Total |   2658 |   2562 |     96 |    446 |   1563 |   3 |  886.0 |
       Dungeon |   2658 |   2562 |     96 |    446 |   1563 |   3 |  886.0 |
               +--------+--------+--------+--------+--------+-----+--------+

Top non-repeatable levels by time:
     D:1: 1201 daAuts
     D:2: 1007 daAuts
     D:3: 449 daAuts
